 Dungeon Crawl Stone Soup version 0.23-a0-315-ga85b81c (webtiles) character file.

1272 Garbasso the Chopper (level 8, -12/61 (62) HPs)
             Began as a Demonspawn Fighter on Oct 13, 2018.
             Was a Believer of Fedhas.
             Mangled by an orc warrior
             ... wielding a +0 dire flail
              (15 damage)
             ... on level 6 of the Dungeon.
             The game lasted 00:12:34 (4630 turns).

Garbasso the Chopper (Demonspawn Fighter)           Turns: 4630, Time: 00:12:35

HP:   -12/61 (62)   AC: 12    Str: 20    XL:     8   Next: 28%
MP:   8/8           EV:  5    Int:  9    God:    Fedhas [**....]
Gold: 177           SH: 10    Dex: 12    Spells: 7/7 levels left

rFire    . . .     SeeInvis .   a - +0 war axe
rCold    . . .     Gourm    .   c - +0 shield
rNeg     . . .     Faith    .   w - +0 chain mail
rPois    .         Spirit   .   (helmet restricted)
rElec    .         Reflect  .   C - +0 cloak (curse)
rCorr    .         Harm     .   m - +0 pair of gloves
MR       .....                  (no boots)
Stlth    ..........             (no amulet)
HPRegen  0.20/turn              (no ring)
MPRegen  0.11/turn              (no ring)

@: no status effects
A: antennae 1, claws 1, talons 2, demonic guardian 1
a: Fungal Bloom, Sunlight, Evolution, Renounce Religion


You were on level 6 of the Dungeon.
You worshipped Fedhas.
Fedhas was pleased with you.
You were not hungry.

You visited 1 branch of the dungeon, and saw 6 of its levels.

You collected 177 gold pieces.

Inventory:

Hand Weapons
 a - a +0 war axe (weapon)
Missiles
 h - 5 javelins (quivered)
Armour
 c - a +0 shield (worn)
 m - a +0 pair of gloves (worn)
 w - a +0 chain mail (worn)
 C - a cursed +0 cloak (worn)
Wands
 z - a wand of polymorph (17)
Scrolls
 b - a scroll of amnesia {unknown}
 g - 8 scrolls of identify
 j - a scroll of fog {unknown}
 k - 2 scrolls of teleportation {unknown}
 n - 4 scrolls of remove curse {unknown}
 q - 3 scrolls of random uselessness {unknown}
 r - a scroll of enchant weapon {unknown}
 t - a scroll of noise {unknown}
 v - a scroll of immolation {unknown}
 y - a scroll of enchant armour {unknown}
Potions
 d - 4 potions of might
 e - 2 potions of degeneration
 i - a potion of brilliance
 l - 2 potions of resistance
 o - 2 potions of berserk rage
 p - a potion of agility
 s - a potion of flight {unknown}
 u - 2 potions of haste
 x - a potion of curing {unknown}
 B - a potion of heal wounds {unknown}
Comestibles
 f - 9 rations


   Skills:
 + Level 5.3 Fighting
 * Level 6.0 Axes
 + Level 4.8 Armour
 + Level 4.9 Shields


You had 7 spell levels left.
You didn't know any spells.
Your spell library contained the following spells:

 Spells                   Type           Power        Failure   Level  Hunger
 Confusing Touch          Hex            #.....       100%        1    ##.....
 Confuse                  Hex            #.......     100%        3    ####...
 Gell's Gravitas          Tloc           #.........   100%        3    ####...
 Petrify                  Tmut/Erth      #.......     100%        4    #####..
 Metabolic Englaciation   Hex/Ice        #.........   100%        5    ######.
 Yara's Violent Unravell  Hex/Tmut       #.........   100%        5    ######.


Dungeon Overview and Level Annotations

Branches:
Dungeon (6/15)             Temple (0/1) D:4

Altars:
Ashenzari
Elyvilon
Fedhas
Nemelex Xobeh
Okawaru
Uskayaw
Vehumet
Xom


Innate Abilities, Weirdness & Mutations

You have a pair of small antennae on your head.
You have sharp fingernails.
You have razor-sharp toenails.
A weak demonic guardian rushes to your aid.


Message History

You hit the orc warrior. Your kick misses the orc warrior.
The orc warrior is severely wounded.
The orc warrior barely misses you.
You slash the orc warrior!
The orc warrior is almost dead.
You block the orc warrior's attack.
You hit the orc warrior but do no damage.
The orc warrior is almost dead.
You block the orc warrior's attack.
You closely miss the orc warrior.
The orc warrior is almost dead.
The orc wizard casts a cantrip, but nothing happens.
The orc warrior hits you with a dire flail!
* * * LOW HITPOINT WARNING * * *
You barely miss the orc warrior.
The orc warrior is almost dead.
The orc warrior hits you but does no damage.
The orc warrior hits you with a dire flail!
You die...
Fedhas appreciates your contribution to the ecosystem.

#.<#.#.##.................
##.#.#.##.................
..#.#....................
##.#.#.....########.......
#.#.#.....# #.......
....#.....# ###.....
#.###....f######## #.....
... #............. ......
#...@o########
#.##+#o......# #.
#.#####.# # #.# #o#
#.)...# ##....... .......
.......


You could see an orc warrior, an orc wizard and a friendly wandering mushroom.

Vanquished Creatures
  An ice beast (D:6)
  A necrophage (D:5)
  3 ogres
  2 orc priests (D:5)
  2 hounds (D:5)
  2 orc wizards
  Crazy Yiuf (D:2)
  A centaur skeleton (D:4)
  An iguana (D:6)
  A worker ant (D:5)
  3 gnolls (D:4)
  10 adders
  2 oozes
  An adder zombie (D:5)
  2 worms
  2 dart slugs (D:1)
  3 leopard geckos
  11 orcs
  3 ball pythons
  6 giant cockroaches
  10 goblins
  4 hobgoblins
  2 jackals (D:1)
  6 kobolds
  2 quokkas
  8 bats
  4 frilled lizards (D:1)
  5 rats
99 creatures vanquished.

Vanquished Creatures (collateral kills)
  An orc warrior (D:5)
  An ice beast (D:4)
  An ogre (D:4)
  A scorpion (D:5)
  A gnoll shaman (D:4)
  An orc wizard (D:5)
  A worker ant (D:6)
  5 gnolls (D:4)
  5 orcs
17 creatures vanquished.

Vanquished Creatures (others)
  A wandering mushroom (D:6)
  43 toadstools
44 creatures vanquished.

Grand Total: 160 creatures vanquished

Notes
Turn   | Place    | Note
-------+----------+-------------------------------------------
     0 | D:1      | Garbasso the Demonspawn Fighter began the quest for the
                  | Orb.
     0 | D:1      | Reached XP level 1. HP: 18/18 MP: 1/1
    39 | D:1      | Reached skill level 2 in Axes
    86 | D:1      | Gained mutation: A weak demonic guardian rushes to your
                  | aid. [demonic ancestry]
    86 | D:1      | Reached XP level 2. HP: 22/24 MP: 2/2
   623 | D:2      | Gained mutation: You have sharp toenails. [demonic
                  | ancestry]
   623 | D:2      | Reached XP level 3. HP: 24/29 MP: 3/3
   811 | D:2      | Gained mutation: You have razor-sharp toenails. [demonic
                  | ancestry]
   811 | D:2      | Reached XP level 4. HP: 29/35 MP: 4/4
   955 | D:2      | Reached skill level 3 in Axes
  1026 | D:2      | Found a faded altar of an unknown god.
  1036 | D:2      | Became a worshipper of Fedhas Madash
  1036 | D:2      | Reached * piety under Fedhas
  1216 | D:2      | Found a runed door.
  1220 | D:2      | Noticed Crazy Yiuf
  1225 | D:2      | Killed Crazy Yiuf
  1531 | D:2      | Found an iron altar of Okawaru.
  1837 | D:3      | Found a shattered altar of Ashenzari.
  1839 | D:3      | Found a hide-covered altar of Uskayaw.
  1839 | D:3      | Found a hazy altar of Hepliaklqana.
  1841 | D:3      | Found a shimmering altar of Xom.
  1841 | D:3      | Found a sparkling altar of Nemelex Xobeh.
  1841 | D:3      | Found a radiant altar of Vehumet.
  2264 | D:4      | Gained mutation: You have a pair of small antennae on your
                  | head. [demonic ancestry]
  2264 | D:4      | Reached XP level 5. HP: 41/42 MP: 5/5
  2648 | D:4      | Found a staircase to the Ecumenical Temple.
  2648 | D:4      | Noticed an ogre
  2656 | D:4      | Killed an ogre
  2656 | D:4      | Reached XP level 6. HP: 31/48 MP: 6/6
  2729 | D:4      | Reached skill level 4 in Axes
  2770 | D:4      | Reached ** piety under Fedhas
  3069 | D:4      | Noticed an ice beast
  3078 | D:4      | Killed an ice beast
  3078 | D:4      | Reached XP level 7. HP: 43/55 MP: 7/7
  3193 | D:4      | Found a white marble altar of Elyvilon.
  3488 | D:5      | Entered Level 5 of the Dungeon
  3558 | D:5      | Reached skill level 5 in Axes
  3834 | D:5      | Reached skill level 5 in Fighting
  4074 | D:5      | Gained mutation: You have sharp fingernails. [demonic
                  | ancestry]
  4074 | D:5      | Reached XP level 8. HP: 43/61 MP: 8/8
  4517 | D:6      | Reached skill level 6 in Axes
  4629 | D:6      | HP: 3/61 [orc warrior/dire flail (15)]
  4630 | D:6      | Mangled by an orc warrior

Vault maps used:
D:1:      lightli_arrival_noodles, nrook_mini_vaults
D:2:      lemuel_coloured_pillars_altar, first_ration,
          chequers_ecumenical_altar_simple, moated_statue,
          uniq_crazy_yiuf_cottage
D:3:      doesnt_xom_only_xom
D:4:      lemuel_doored_altar, minmay_temple_entry_glassed_door,
          nicolae_ossuary_entry_monument
D:6:      gup_sewer_entry_pipe, guppyfry_shop_venom

Skill      XL: |  1  2  3  4  5  6  7  8 |
---------------+-------------------------+-----
Axes           | 2 3 4 5 6 |  6.0
Armour         | 3 4 |  4.8
Shields        | 3 4 |  4.9
Fighting       | 4 5 |  5.3

Action                   |  1- 3 |  4- 6 |  7- 9 || total
-------------------------+-------+-------+-------++-------
Melee: War axe           |   106 |   125 |   116 ||   347
       Kick              |     5 |    31 |    34 ||    70
Invok: Fungal Bloom      |       |     9 |    11 ||    20
       Sunlight          |       |     1 |       ||     1
       Evolution         |       |       |     2 ||     2
  Use: Scroll            |       |       |     6 ||     6
  Eat: Chunk             |       |     7 |     4 ||    11
       Ration            |       |       |     1 ||     1
Armor: Scale mail        |    44 |    65 |       ||   109
       Chain mail        |       |       |    67 ||    67
Dodge: Dodged            |    31 |    46 |    26 ||   103
Block: Shield            |    61 |    73 |    55 ||   189

Table legend:
 A = Non-vault XP
 B = Vault XP
 C = Vault XP percentage of total XP
 D = Non-vault monster count
 E = Vault monster count
 F = Vault count percentage of total count
                 A         B        C        D         E       F
            +---------+---------+-------+---------+---------+-------
      Total |    1777 |      41 |   2.3 |     115 |       1 |   0.9
            +---------+---------+-------+---------+---------+-------
        D:1 |      39 |       0 |   0.0 |      23 |       0 |   0.0
        D:2 |      87 |      41 |  32.0 |      26 |       1 |   3.7
        D:3 |      14 |       0 |   0.0 |       7 |       0 |   0.0
        D:4 |     584 |       0 |   0.0 |      28 |       0 |   0.0
        D:5 |     706 |       0 |   0.0 |      24 |       0 |   0.0
        D:6 |     347 |       0 |   0.0 |       7 |       0 |   0.0
            +---------+---------+-------+---------+---------+-------
